 Dungeon Crawl Stone Soup version 0.20.1-1-g8b1a95d66d (webtiles) character file.

2865 Ivernyr the Archer (level 9, -4/67 HPs)
             Began as a Centaur Hunter on Nov 16, 2017.
             Was a Follower of Okawaru.
             Slain by a killer bee (5 damage)
             ... on level 7 of the Dungeon on Nov 17, 2017.
             The game lasted 01:02:38 (9461 turns).

Ivernyr the Archer (Centaur Hunter)                 Turns: 9461, Time: 01:02:38

Health: -4/67      AC: 16    Str: 15    XL:     9   Next: 47%
Magic:  9/9        EV:  7    Int: 13    God:    Okawaru [*.....]
Gold:   346        SH:  0    Dex: 10    Spells: 8/8 levels left

rFire    . . .     SeeInvis .   a - +2 shortbow
rCold    . . .     Gourm    .   (shield currently unavailable)
rNeg     + . .     Faith    .   c - +2 robe {rN+}
rPois    .         Spirit   .   (no helmet)
rElec    .         Reflect  .   y - +2 cloak
rCorr    .         Harm     .   (no gloves)
MR       .....                  h - +2 centaur barding
Stlth    +.........             (no amulet)
Regen    0.3/turn               u - ring of flight
MPRegen  0.2/turn               E - ring of wizardry

@: lethally poisoned (-4 -> -22), very quick
A: hooves 3, deformed body, speed 2, tough skin 3
a: Heroism, Renounce Religion, Evoke Flight


You were on level 7 of the Dungeon.
You worshipped Okawaru.
Okawaru was aware of your devotion.
You were not hungry.

You visited 2 branches of the dungeon, and saw 8 of its levels.

You collected 346 gold pieces.

Inventory:

Hand Weapons
 a - a +2 shortbow (weapon)
Missiles
 G - 16 arrows (quivered)
Armour
 c - a +2 robe of positive energy (worn)
 h - a +2 centaur barding (worn)
 y - a +2 cloak (worn)
Jewellery
 u - a ring of flight (left hand)
 E - a ring of wizardry (right hand)
Wands
 B - a wand of paralysis (13/24)
Scrolls
 d - a scroll of immolation {unknown}
 g - 7 scrolls of identify {unknown}
 j - 2 scrolls of enchant weapon
 l - 3 scrolls of remove curse
 p - a scroll of noise
 q - a scroll of fog
 r - a scroll of amnesia {unknown}
 z - 2 scrolls of enchant armour {unknown}
 C - a scroll of blinking {unknown}
 D - a scroll of teleportation {unknown}
 H - a scroll of random uselessness {unknown}
Potions
 e - 2 potions of berserk rage {unknown}
 i - a potion of cancellation {unknown}
 k - 2 potions of haste
 m - a potion of magic {unknown}
 o - 2 potions of invisibility {unknown}
 s - 2 potions of curing
 t - a potion of ambrosia {unknown}
 w - a potion of lignification {unknown}
 x - a potion of agility {unknown}
 A - a potion of mutation {unknown}
 F - 2 potions of flight {unknown}
Comestibles
 b - 4 royal jellies
 f - 5 bread rations
 n - 3 meat rations
 v - 2 fruits


   Skills:
 - Level 2.0 Fighting
 * Level 12.8 Bows
 + Level 4.7 Armour
 - Level 1.3 Dodging
 - Level 0.4 Stealth
 + Level 6.2 Unarmed Combat
 + Level 1.3 Invocations


You had 8 spell levels left.
You didn't know any spells.

Dungeon Overview and Level Annotations

Branches:
Dungeon (7/15)             Temple (1/1) D:6

Altars:
Cheibriados
Dithmenos
Fedhas
Gozag
Hepliaklqana
Kikubaaqudgha
Nemelex Xobeh
Okawaru
Qazlal
Ru
Sif Muna
Trog
Uskayaw
Vehumet
Xom
Yredelemnul

Annotations:
D:7 Prince Ribbit


Innate Abilities, Weirdness & Mutations

You have hooves in place of feet.
Armour fits poorly on your strangely shaped body.
You cover ground very quickly.
You have extremely tough skin. (AC +3)


Message History

The killer bee stings you.
* * * LOW HITPOINT WARNING * * *
The killer bee stings you but does no damage.
The killer bee stings you.
* * * LOW HITPOINT WARNING * * *
You are poisoned.
The killer bee poisons you! The killer bee stings you.
* * * LOW HITPOINT WARNING * * *
You are lethally poisoned!
The killer bee poisons you! The killer bee stings you.
* * * LOW HITPOINT WARNING * * *
You are more poisoned.
The killer bee poisons you!
The worker ant bites you but does no damage.
The killer bee stings you but does no damage.
As you read the scroll labeled IFUSET ZA CAURO, it crumbles to dust.
The scroll dissolves into smoke.
It was a scroll of fog.
* * * LOW HITPOINT WARNING * * *
You feel sick. The killer bee stings you.
You die...

#.....)....#
##÷######[...####
#..........#
#.##.....####
#..........#
#.(..#####
#..........#
##...#
#######...##
##..# #####.#####
..... #.....>.§§#
..#####
#.......§y##§#
#..(.....y@a§#
#.......§y####
##.##....§.... #.
##.......# ..
.(.......# ..
####.#.#..# ..
#....### #..
......


You could see a worker ant and 3 killer bees.

Vanquished Creatures
  Grinder (D:3)
  Sigmund (D:3)
  Edmund (D:3)
  An orc warrior (D:7)
  2 ice beasts (D:5)
  2 black bears
  2 phantoms (D:7)
  A sky beast (D:5)
  An ogre (D:6)
  A bullfrog (D:6)
  A wyvern skeleton (D:6)
  3 scorpions
  3 wights (D:6)
  3 crimson imps
  A quasit (D:7)
  4 hounds
  2 jellies
  Crazy Yiuf (D:3)
  3 orc priests
  2 bullfrog skeletons
  7 orc wizards
  2 centaur skeletons
  Natasha (thrice) (D:4)
  6 worker ants
  A hound zombie (D:7)
  3 gnolls (D:2)
  6 adders
  A shadow imp (D:5)
  An ooze (D:1)
  An adder zombie (D:6)
  An adder skeleton (D:5)
  A worm (D:4)
  A dart slug (D:1)
  5 leopard geckos
  19 orcs
  2 ball pythons
  7 giant cockroaches
  5 goblins
  8 hobgoblins
  15 jackals
  5 kobolds
  3 quokkas
  5 bats
  9 frilled lizards
  8 rats
161 creatures vanquished.

Notes
Turn   | Place    | Note
-------+----------+-------------------------------------------
     0 | D:1      | Ivernyr the Centaur Hunter began the quest for the Orb.
     0 | D:1      | Reached XP level 1. HP: 17/17 MP: 1/1
   439 | D:1      | Reached XP level 2. HP: 24/24 MP: 2/2
   607 | D:1      | Reached skill level 1 in Unarmed Combat
   614 | D:1      | Reached skill level 6 in Bows
  1112 | D:2      | Reached XP level 3. HP: 29/29 MP: 3/3
  1875 | D:2      | Reached XP level 4. HP: 36/36 MP: 4/4
  1932 | D:2      | Reached skill level 1 in Armour
  2344 | D:2      | Found a sacrificial altar of Ru.
  2489 | D:3      | Reached skill level 7 in Bows
  2501 | D:3      | Reached XP level 5. HP: 28/41 MP: 5/5
  2877 | D:3      | Noticed Sigmund
  2885 | D:3      | Noticed Grinder
  2891 | D:3      | Killed Sigmund
  2891 | D:3      | Reached skill level 8 in Bows
  2891 | D:3      | Reached XP level 6. HP: 20/48 MP: 6/6
  3102 | D:3      | Killed Grinder
  3102 | D:3      | Reached skill level 9 in Bows
  3102 | D:3      | Reached XP level 7. HP: 42/55 MP: 7/7
  3786 | D:3      | Found a runed door.
  3791 | D:3      | Noticed Crazy Yiuf
  3806 | D:3      | Killed Crazy Yiuf
  4092 | D:4      | Noticed Edmund
  4170 | D:3      | Killed Edmund
  4370 | D:4      | Found a stormy altar of Qazlal.
  4454 | D:4      | Reached skill level 10 in Bows
  4580 | D:4      | Noticed Natasha
  4593 | D:4      | Killed Natasha
  4620 | D:4      | Reached XP level 8. HP: 50/61 MP: 8/8
  4690 | D:4      | Found a deep blue altar of Sif Muna.
  4707 | D:4      | Noticed Natasha
  4719 | D:4      | Killed Natasha
  4737 | D:4      | Noticed Natasha
  4737 | D:4      | Killed Natasha
  5103 | D:5      | Entered Level 5 of the Dungeon
  5424 | D:5      | Reached skill level 11 in Bows
  5894 | D:5      | Reached skill level 5 in Unarmed Combat
  6558 | D:6      | Found a staircase to the Ecumenical Temple.
  6728 | Temple   | Entered the Ecumenical Temple
  6803 | Temple   | Became a worshipper of Warmaster Okawaru
  6900 | D:6      | HP: 3/61 [orc warrior/halberd (12)]
  7758 | D:6      | Reached skill level 12 in Bows
  7758 | D:6      | Reached XP level 9. HP: 54/67 MP: 9/9
  9026 | D:7      | Found a shadowy altar of Dithmenos.
  9051 | D:7      | Reached * piety under Okawaru
  9099 | D:7      | Noticed Prince Ribbit
  9276 | D:7      | Reached skill level 1 in Invocations
  9458 | D:7      | HP: 3/67 [killer bee (5)]
  9461 | D:7      | HP: 1/67 [poisoned by a killer bee]
  9461 | D:7      | Slain by a killer bee

Skill      XL: |  1  2  3  4  5  6  7  8  9 |
---------------+----------------------------+-----
Unarmed Combat | 1 2 3 4 5 6 |  6.2
Bows           | 6 7 8 9 10 12 | 12.8
Armour         | 1 2 3 4 |  4.7
Invocations    | 1 |  1.3
Fighting       | |  2.0
Dodging        | |  1.3
Stealth        | |  0.4

Action                   |  1- 3 |  4- 6 |  7- 9 || total
-------------------------+-------+-------+-------++-------
Melee: Unarmed           |   143 |    57 |   552 ||   752
       Kick              |    24 |    14 |   107 ||   145
       Punch             |       |       |    10 ||    10
 Fire: Shortbow          |       |    52 |   128 ||   180
Invok: Heroism           |       |       |     1 ||     1
  Use: Scroll            |       |       |     4 ||     4
       Potion            |       |       |     3 ||     3
  Eat: Chunk             |     2 |     2 |    19 ||    23
Armor: Leather armour    |    60 |       |       ||    60
       Robe              |     4 |    34 |   380 ||   418
Dodge: Dodged            |    53 |    26 |   189 ||   268
